 Seeded DCSS version 0.26.1-11-gd32895ea62 (webtiles) character file.

Game seed: 6782004941649059652 (custom seed)

794 Zeld the Gusty (level 7, -6/51 HPs)
             Began as a Gnoll Air Elementalist on June 8, 2021.
             Shot with an arrow by a centaur (14 damage)
             ... on level 7 of the Dungeon.
             The game lasted 00:06:12 (6014 turns).

Zeld the Gusty (Gnoll Air Elementalist)             Turns: 6014, Time: 00:06:12

Health: -6/51      AC:  4    Str: 10    XL:     7   Next: 89%
Magic:  3/15       EV: 15    Int: 19    God:
Gold:   219        SH:  0    Dex: 16    Spells: 2/17 levels left

rFire    . . .     SeeInvis .     - Unarmed
rCold    + . .     Faith    .   (no shield)
rNeg     . . .     Spirit   .   a - +0 robe
rPois    .         Reflect  .   (no helmet)
rElec    .         Harm     .   m - +0 cloak
rCorr    .         Rampage  .   k - +0 pair of gloves
Will     .....                  (no boots)
Stlth    +++.......             (no amulet)
HPRegen  0.17/turn              j - ring of protection from cold
MPRegen  0.14/turn              (no ring)

@: no status effects
A: distributed training, fangs 1, strong nose
a: no special abilities


You were on level 7 of the Dungeon.
You visited 1 branch of the dungeon, and saw 7 of its levels.
You also visited: Sewer.

You collected 219 gold pieces.

Inventory:

Armour
 a - a +0 robe (worn)
 k - a +0 pair of gloves (worn)
 m - a +0 cloak (worn)
Jewellery
 b - an uncursed amulet of regeneration
 j - a ring of protection from cold (left hand)
Scrolls
 c - a scroll of acquirement {unknown}
 d - a scroll of enchant armour
 f - a scroll of blinking
 g - 4 scrolls of enchant weapon
 n - 3 scrolls of teleportation
 o - 2 scrolls of remove curse
 u - a scroll of fear
Potions
 e - 6 potions of heal wounds {unknown}
 h - a potion of might {unknown}
 i - a potion of degeneration {unknown}
 l - 4 potions of flight {unknown}
 p - 2 potions of brilliance {unknown}
 q - 6 potions of curing {unknown}
 r - a potion of attraction {unknown}
 s - a potion of lignification {unknown}
 t - a potion of mutation {unknown}
 v - a potion of berserk rage {unknown}


   Skills:
 + Level 2.7 Fighting
 + Level 2.7 Short Blades
 + Level 2.7 Long Blades
 + Level 2.7 Axes
 + Level 2.7 Maces & Flails
 + Level 2.7 Polearms
 + Level 2.7 Staves
 + Level 2.7 Slings
 + Level 2.7 Bows
 + Level 2.7 Crossbows
 + Level 2.7 Throwing
 + Level 2.7 Armour
 + Level 5.4 Dodging
 + Level 5.0 Stealth
 + Level 2.7 Shields
 + Level 2.7 Unarmed Combat
 + Level 5.7 Spellcasting
 + Level 3.1 Conjurations
 + Level 2.2 Hexes
 + Level 2.2 Summonings
 + Level 2.2 Necromancy
 + Level 2.2 Translocations
 + Level 2.2 Transmutations
 + Level 2.2 Fire Magic
 + Level 2.2 Ice Magic
 + Level 5.9 Air Magic
 + Level 2.2 Earth Magic
 + Level 2.2 Poison Magic
 + Level 3.0 Invocations
 + Level 2.7 Evocations


You had 2 spell levels left.
You knew the following spells:

 Your Spells              Type           Power        Failure   Level
a - Shock                 Conj/Air       88%          1%          1
b - Swiftness             Air            28%          1%          2
c - Static Discharge      Conj/Air       22%          5%          3
d - Airstrike             Air            14%          10%         4
e - Lightning Bolt        Conj/Air       11%          43%         5

Your spell library contained the following spells:

 Spells                   Type           Power        Failure   Level


Dungeon Overview and Level Annotations

Branches:
Dungeon (7/15)              Sewer (visited)
 Temple: D:4-7

Altars:
Ashenzari
Elyvilon
Ru
Uskayaw
Wu Jian


Innate Abilities, Weirdness & Mutations

Your experience applies equally to all skills.
You have very sharp teeth.
Your uncanny sense of smell can sniff out nearby items.


Message History

Aiming: Shock (safe; 1% risk of failure)
Press: ? - help, Shift-Dir - straight line, f/p - centaur
Aim: a centaur, wielding a +0 shortbow and quivering 13 arrows (moderately wounded, 16% to evade)
The zap hits the centaur.
The centaur is severely wounded.
The centaur unwields a +0 shortbow.
The centaur closely misses you.
The kobold shoots a bolt.
The bolt hits you.
* * * LOW HITPOINT WARNING * * *
Casting: Shock (safe; 1% risk of failure)
Confirm with . or Enter, or press ? or * to list all spells.
Aiming: Shock (safe; 1% risk of failure)
Press: ? - help, Shift-Dir - straight line, f/p - centaur
Aim: a centaur, quivering 13 arrows (severely wounded, 16% to evade)
The zap hits the centaur.
The centaur is almost dead.
The centaur hits you!
* * * LOW HITPOINT WARNING * * *
The centaur wields a +0 shortbow.
The centaur shoots an arrow.
The arrow hits you!
You die...

#<# #.# #.# #.#
#.######## #.........
### #.........
#######(#####.........
.?......@(c(..........
#########.#.............
#.......#.#.####........
#.#####.#.#.K...#+######
#.# #.#.#####.#.#
#.#####.#.# #.#.#
#.##......# ##.#.# ...
#.##......# #.(..# ...
#.##......# #....### ..


You could see a centaur and a kobold.

Vanquished Creatures
  A black bear (D:7)
  2 big kobolds
  A bullfrog (D:7)
  A scorpion (D:4)
  2 orc priests (D:3)
  A human skeleton (D:5)
  2 orc wizards
  A worker ant (D:4)
  9 adders
  5 river rats (Sewer)
  An ufetubus (D:2)
  An ooze (D:2)
  4 worms
  3 dart slugs
  4 leopard geckos
  14 orcs
  6 giant cockroaches
  7 goblins
  9 hobgoblins
  6 jackals
  6 ball pythons
  4 bats
  10 frilled lizards
  28 kobolds
  A quokka zombie (D:5)
  27 rats
156 creatures vanquished.

Notes
Turn   | Place    | Note
-------+----------+-------------------------------------------
     0 | D:1      | Zeld the Gnoll Air Elementalist began the quest for the
                  | Orb.
     0 | D:1      | Reached XP level 1. HP: 13/13 MP: 6/6
   160 | D:1      | Reached XP level 2. HP: 19/19 MP: 1/7
   163 | D:1      | Learned a level 2 spell: Swiftness
   653 | D:1      | Reached XP level 3. HP: 23/25 MP: 5/9
   657 | D:1      | Learned a level 3 spell: Static Discharge
  1033 | D:2      | Reached skill level 5 in Spellcasting
  1106 | D:2      | Reached skill level 1 in Invocations
  1195 | D:2      | Reached skill level 1 in Fighting
  1195 | D:2      | Reached skill level 1 in Short Blades
  1195 | D:2      | Reached skill level 1 in Long Blades
  1195 | D:2      | Reached skill level 1 in Axes
  1195 | D:2      | Reached skill level 1 in Maces & Flails
  1195 | D:2      | Reached skill level 1 in Polearms
  1195 | D:2      | Reached skill level 1 in Staves
  1195 | D:2      | Reached skill level 1 in Slings
  1195 | D:2      | Reached skill level 1 in Bows
  1195 | D:2      | Reached skill level 1 in Crossbows
  1195 | D:2      | Reached skill level 1 in Throwing
  1195 | D:2      | Reached skill level 1 in Armour
  1195 | D:2      | Reached skill level 1 in Shields
  1195 | D:2      | Reached skill level 1 in Unarmed Combat
  1195 | D:2      | Reached skill level 1 in Evocations
  1235 | D:2      | Reached XP level 4. HP: 32/32 MP: 7/11
  1240 | D:2      | Learned a level 4 spell: Airstrike
  1547 | D:2      | Reached skill level 1 in Hexes
  1547 | D:2      | Reached skill level 1 in Summonings
  1547 | D:2      | Reached skill level 1 in Necromancy
  1547 | D:2      | Reached skill level 1 in Translocations
  1547 | D:2      | Reached skill level 1 in Transmutations
  1547 | D:2      | Reached skill level 1 in Fire Magic
  1547 | D:2      | Reached skill level 1 in Ice Magic
  1547 | D:2      | Reached skill level 1 in Earth Magic
  1547 | D:2      | Reached skill level 1 in Poison Magic
  1979 | D:3      | Reached XP level 5. HP: 37/37 MP: 3/12
  2480 | D:3      | Found a sacrificial altar of Ru.
  2511 | D:3      | Reached XP level 6. HP: 44/44 MP: 2/13
  2517 | D:3      | Learned a level 5 spell: Lightning Bolt
  3154 | D:3      | Found a white marble altar of Elyvilon.
  3456 | D:4      | Reached skill level 5 in Dodging
  3526 | D:4      | Found an ornate altar of the Wu Jian Council.
  3686 | D:5      | Entered Level 5 of the Dungeon
  3688 | D:5      | Found a hide-covered altar of Uskayaw.
  3749 | D:5      | Found a glowing drain.
  3755 | Sewer    | Entered a sewer
  4717 | Sewer    | Reached XP level 7. HP: 40/50 MP: 5/15
  5177 | D:5      | Found a broken altar of Ashenzari.
  5658 | D:7      | Reached skill level 5 in Stealth
  6014 | D:7      | Shot with an arrow by a centaur

Illustrated notes

Levels and vault maps discovered:
D:1:      lemuel_arrival_room, layout_rooms
D:2:      layout_basic, minmay_joined_circles
D:3:      layout_loops_ring, nicolae_ru_sacrificial_ziggurat,
          nicolae_overflow_hidden_temple
D:4:      layout_loops_ring, kennysheep_mini, gammafunk_ghost_icy
D:5:      layout_rooms, lemuel_crystal_altar, nicolae_tso_carved_into_rock,
          ashenzari_conservatory_becter, nicolae_ossuary_entry_catacombs,
          portal_sewer_entry_e
D:6:      layout_cave_pods, zin_academy, serial_shops, nicolae_shop_waterfront
D:7:      layout_basic, minmay_temple_entry_enclosed_plants, serial_shops, shop

Skill      XL: |  1  2  3  4  5  6  7 |
---------------+----------------------+-----
Conjurations   | 2 3 |  3.1
Spellcasting   | 5 |  5.7
Invocations    | 1 2 3 |  3.0
Fighting       | 1 2 |  2.7
Short Blades   | 1 2 |  2.7
Long Blades    | 1 2 |  2.7
Axes           | 1 2 |  2.7
Maces & Flails | 1 2 |  2.7
Polearms       | 1 2 |  2.7
Staves         | 1 2 |  2.7
Slings         | 1 2 |  2.7
Bows           | 1 2 |  2.7
Crossbows      | 1 2 |  2.7
Throwing       | 1 2 |  2.7
Armour         | 1 2 |  2.7
Shields        | 1 2 |  2.7
Unarmed Combat | 1 2 |  2.7
Evocations     | 1 2 |  2.7
Hexes          | 1 2 |  2.2
Summonings     | 1 2 |  2.2
Necromancy     | 1 2 |  2.2
Translocations | 1 2 |  2.2
Transmutations | 1 2 |  2.2
Fire Magic     | 1 2 |  2.2
Ice Magic      | 1 2 |  2.2
Earth Magic    | 1 2 |  2.2
Poison Magic   | 1 2 |  2.2
Dodging        | 5 |  5.4
Stealth        | 5 |  5.0
Air Magic      | |  5.9

Action                   |  1- 3 |  4- 6 |  7- 9 || total
-------------------------+-------+-------+-------++-------
Melee: Unarmed           |    12 |    20 |     9 ||    41
       Bite              |       |     1 |     2 ||     3
 Cast: Shock             |    59 |   223 |    80 ||   362
  Use: Scroll            |       |     7 |     1 ||     8
Armor: Robe              |     4 |    14 |    11 ||    29
Dodge: Dodged            |    23 |    84 |    49 ||   156
